 Dungeon Crawl Stone Soup version 0.20-a0-266-gdedccd6 (webtiles) character file.

129 tboon the Shield-Bearer (level 5, -1/43 HPs)
             Began as a Formicid Fighter on Dec 5, 2016.
             Killed by nerve-wracking pain
             ... invoked by an orc priest
              (14 damage)
             ... on level 3 of the Dungeon.
             The game lasted 00:03:52 (1607 turns).

tboon the Shield-Bearer (Formicid Fighter)          Turns: 1607, Time: 00:03:53

Health: -1/43      AC:  6    Str: 25    XL:     5   Next: 35%
Magic:  5/5        EV:  8    Int:  8    God:
Gold:   108        SH: 10    Dex: 11    Spells: 4/4 levels left

rFire  . . .     SeeInvis +     a - +0 war axe
rCold  . . .     Gourm    .     b - +0 scale mail
rNeg   . . .     Faith    .     c - +0 shield
rPois  .         Spirit   .     (helmet unavailable)
rElec  .         Reflect  .     (no cloak)
rCorr  .         Harm     .     (no gloves)
MR     .....                    (no boots)
Stlth  ..........               (no amulet)
                                (no ring)
                                (no ring)

@: mighty
A: permanent stasis, dig shafts and tunnels, four strong arms, antennae 3
a: Dig, Shaft Self


You were on level 3 of the Dungeon.
You were not hungry.

You visited 1 branch of the dungeon, and saw 3 of its levels.

You collected 108 gold pieces.

Inventory:

Hand Weapons
 a - a +0 war axe (weapon)
Armour
 b - a +0 scale mail (worn)
 c - a +0 shield (worn)
Jewellery
 h - an uncursed amulet of magic regeneration {unknown}
   (You found it on level 1 of the Dungeon)
 v - an uncursed ring of see invisible {unknown}
   (You found it on level 2 of the Dungeon)
Scrolls
 j - 4 scrolls of identify {unknown}
 k - 2 scrolls of blinking {unknown}
 m - a scroll of fear {unknown}
 n - 2 scrolls of recharging {unknown}
 o - a scroll of noise {unknown}
 p - 2 scrolls of enchant armour {unknown}
 r - a scroll of random uselessness {unknown}
 s - a scroll of remove curse {unknown}
Potions
 e - a potion of beneficial mutation {unknown}
 g - a potion of invisibility {unknown}
 l - a potion of ambrosia {unknown}
 t - a potion of curing
 u - a potion of lignification {unknown}
 w - a potion of flight {unknown}
Comestibles
 f - a bread ration
 i - 2 royal jellies
 q - a chunk of flesh
 x - a meat ration


   Skills:
 + Level 4.3 Fighting
 * Level 3.8 Axes
 - Level 3.2 Armour
 + Level 4.4 Shields


You had 4 spell levels left.
You didn't know any spells.

Dungeon Overview and Level Annotations

Branches:
Dungeon (3/15)

Altars:


Innate Abilities, Weirdness & Mutations

You cannot be hasted, slowed, berserked, paralysed or teleported.
You can dig through walls and to a lower floor.
Your four strong arms can wield two-handed weapons with a shield.
You have a pair of large antennae on your head. (SInv)


Message History

An adder comes into view.
The adder hisses angrily.
You slash the adder!
You kill the adder!
No target in view!
No target in view!
You see here an adder corpse.
You butcher the adder corpse.
q - 4 chunks of flesh (gained 1) Done exploring.
There is a stone staircase leading down here.
You climb downwards.
A kobold comes into view. It is wielding a dagger.
There is a stone staircase leading up here.
The kobold throws a stone.
The stone hits you but does no damage.
You see here a stone.
The kobold throws a stone.
The stone hits you but does no damage.
Things that are here:
a stone; a fizzy puce potion A giant cockroach and 2 orcs come into view.
The orc shouts!
The giant cockroach moves out of view.
You block the kobold's attack.
An orc, an orc priest and an orc wizard come into view.
The orc priest is wielding a hand axe of chopping.
The orc shouts!
The orc priest shouts!
The orc wizard shouts!
You slash the kobold!
You kill the kobold!
The orc moves out of view.
The orc wizard moves out of view.
The orc hits you but does no damage.
Things that are here:
a dagger; a kobold corpse You hit the orc but do no damage.
The orc hits you but does no damage. The giant cockroach closely misses you.
You slash the orc!
You kill the orc!
You closely miss the giant cockroach. The giant cockroach closely misses you.
You closely miss the giant cockroach. The giant cockroach closely misses you.
The orc barely misses you.
The orc priest mumbles some strange prayers to Beogh against you.
Beogh smites you!
The giant cockroach bites you but does no damage.
You closely miss the orc. You hit the giant cockroach.
The giant cockroach bites you but does no damage.
The orc hits you with a hand axe.
The orc hits you from afar with a trident.
The giant cockroach closely misses you.
Some of the chunks of flesh in your inventory have rotted away.
You closely miss the giant cockroach.
The giant cockroach is heavily wounded.
You barely miss the orc. The orc closely misses you.
The orc hits you from afar with a trident.
You block the giant cockroach's attack. The orc closely misses you.
You are too injured to fight recklessly!
You are too injured to fight recklessly!
You are too injured to fight recklessly!
You are too injured to fight recklessly!
You slash the orc wizard!
The orc wizard is heavily wounded.
You hit the giant cockroach but do no damage.
You block the giant cockroach's attack. x2
The orc hits you but does no damage. The orc wizard barely misses you.
Your shield and scale mail prevent you from hitting the orc wizard.
The orc wizard is heavily wounded.
You barely miss the giant cockroach. You block the giant cockroach's attack.
The orc priest calls down the wrath of Beogh upon you.
Beogh smites you!
* * * LOW HITPOINT WARNING * * *
The orc wizard hits you but does no damage.
The orc barely misses you. The giant cockroach barely misses you.
You closely miss the orc wizard.
The orc wizard is heavily wounded.
You hit the giant cockroach. You block the orc wizard's attack.
The orc hits you but does no damage. The giant cockroach bites you.
* * * LOW HITPOINT WARNING * * *
The orc wizard hits you with a dagger.
* * * LOW HITPOINT WARNING * * *
You slash the orc wizard!
You kill the orc wizard!
You have reached level 5!
You hit the giant cockroach.
You kill the giant cockroach!
The orc hits you but does no damage. You block the orc's attack.
Things that are here:
a dagger; a robe; an orc corpse You slash the orc!
You kill the orc!
You barely miss the orc. You block the orc's attack.
You hit the orc but do no damage. The orc hits you but does no damage.
The orc hits you with a trident.
* * * LOW HITPOINT WARNING * * *
You hit the orc but do no damage. The orc hits you with a trident.
* * * LOW HITPOINT WARNING * * *
It was a potion of curing.
You feel better. You block the orc's attack.
You feel very mighty all of a sudden. You block the orc's attack.
You slash the orc!
You kill the orc!
The orc priest invokes the aid of Beogh against you.
Pain shoots through your body!
You die...

#...### #.....# #
#..##.###
..##.......####.#
........<.......
##....(#.###.##
#.#.#(#.##
#........#
##@.o#.##.#
#)#)#..# .#
#.##...[# .# ##
#.#.## .# ....#
...). .....##
.....# #.....#


You could see an orc priest.

Vanquished Creatures
  An orc wizard (D:3)
  4 adders (D:2)
  5 dart slugs
  3 orcs (D:3)
  5 bats
  2 giant cockroaches
  6 goblins (D:1)
  7 hobgoblins
  9 kobolds
  6 frilled lizards
  4 rats (D:1)
52 creatures vanquished.

Notes
Turn   | Place    | Note
-------+----------+-------------------------------------------
     0 | D:1      | tboon the Formicid Fighter began the quest for the Orb.
     0 | D:1      | Reached XP level 1. HP: 18/18 MP: 1/1
    93 | D:1      | Reached XP level 2. HP: 22/24 MP: 2/2
   189 | D:1      | Reached XP level 3. HP: 21/30 MP: 3/3
   190 | D:1      | Reached skill level 4 in Shields
   907 | D:2      | Reached skill level 3 in Axes
   909 | D:2      | Reached XP level 4. HP: 37/37 MP: 4/4
  1202 | D:2      | Reached skill level 4 in Fighting
  1597 | D:3      | HP: 8/37 [orc wizard/dagger (2)]
  1598 | D:3      | Reached XP level 5. HP: 10/43 MP: 5/5
  1602 | D:3      | HP: 9/43 [orc/trident (2)]
  1607 | D:3      | Killed from afar by an orc priest

Vault maps used:
D:1:      dpeg_arrival_snail, minmay_nonomino_d4
D:3:      marbit_many_paths, lemuel_crystal_altar, first_bread,
          nicolae_gozag_seed_capital

Skill      XL: |  1  2  3  4 |
---------------+-------------+-----
Shields        | 4 |  4.4
Axes           | 3 |  3.8
Fighting       | 4 |  4.3
Armour         | |  3.2

Action                   |  1- 3 |  4- 6 || total
-------------------------+-------+-------++-------
Melee: War axe           |    75 |    52 ||   127
  Use: Potion            |       |     2 ||     2
  Eat: Chunk             |       |     2 ||     2
Armor: Scale mail        |    35 |    26 ||    61
Dodge: Dodged            |    24 |    19 ||    43
Block: Shield            |    36 |    21 ||    57

Vault maps used:
D:1:      dpeg_arrival_snail, minmay_nonomino_d4
D:3:      marbit_many_paths, lemuel_crystal_altar, first_bread,
          nicolae_gozag_seed_capital

Table legend:
 A = Turns spent in this place as a percentage of turns spent in the entire game.
 B = Non-inter-level travel turns spent in this place as a percentage of non-inter-level travel turns spent in the entire game.
 C = Inter-level travel turns spent in this place as a percentage of turns spent in this place.
 D = Turns resting spent in this place as a percentage of non-inter-level travel turns spent in this place.
 E = Turns spent auto-exploring this place as a percentage of non-inter-level travel turns spent in this place.
 F = Non-inter-level travel turns spent in this place divided by the number of levels of this place that you've seen.
                   A       B       C       D       E      F
               +-------+-------+-------+-------+-------+----------------------
         Total | 100.0 | 100.0 |   0.6 |   4.2 |  23.1 | 111.0
       Dungeon | 100.0 | 100.0 |   0.6 |   4.2 |  23.1 | 111.0
               +-------+-------+-------+-------+-------+----------------------

Table legend:
 A = Kills in this place as a percentage of kills in entire the game.
 B = Kills by you in this place as a percentage of kills by you in the entire game.
 C = Kills by friends in this place as a percentage of kills by friends in the entire game.
 D = Other kills in this place as a percentage of other kills in the entire game.
 E = Experience gained in this place as a percentage of experience gained in the entire game.
 F = Experience gained in this place divided by the number of levels of this place that you have seen.
                   A       B       C       D       E      F
               +-------+-------+-------+-------+-------+----------------------
         Total | 100.0 | 100.0 |  -nan |  -nan | 100.0 |  61.7
       Dungeon | 100.0 | 100.0 |  -nan |  -nan | 100.0 |  61.7
               +-------+-------+-------+-------+-------+----------------------
